 Dungeon Sprint DCSS version 0.29-a0-857-g9b1aa3ac5b (webtiles) character file.

Game seed: 5712411410834741285

2363 mhtbhm the Basher (level 9, -1/89 HPs)
             Began as a Minotaur Fighter on July 16, 2022.
             Was a High Priest of Qazlal.
             Slain by a boulder beetle (41 damage)
             ... in the Dungeon (Sprint VII: "The Pits").
             The game lasted 00:02:46 (1354 turns).

mhtbhm the Basher (Minotaur Fighter)                Turns: 1354, Time: 00:02:47

Health: -1/89      AC: 17    Str: 28    XL:     9   Next: 21%
Magic:  10/15      EV:  9    Int:  8    God:    Qazlal [*****.]
Gold:   0          SH: 14    Dex: 10    Spells: 8/8 levels left

rFire   . . .      SeeInvis .   a - +2 morningstar (freeze)
rCold   . . .      Faith    .   c - +0 buckler
rNeg    . . .      Spirit   .   b - +4 chain mail
rPois   .          Reflect  .   (helmet restricted)
rElec   .          Harm     .   (no cloak)
rCorr   .          Rampage  .   (no gloves)
Will    .....      NoTele   +   r - +0 pair of boots
Stlth   ..........              (no amulet)
HPRegen 0.24/turn               n - +3 ring of intelligence
MPRegen 0.14/turn               o - +3 ring of strength

@: repel missiles
A: horns 2, retaliatory headbutt
a: Renounce Religion, Upheaval, Elemental Force, Disaster Area


You were in the Dungeon.
You worshipped Qazlal.
Qazlal was extremely pleased with you.
You visited 1 branch

Inventory:

Hand Weapons
 a - a +2 morningstar of freezing (weapon)
Armour
 b - a +4 chain mail (worn)
 c - a +0 buckler (worn)
 r - a +0 pair of boots (worn)
Jewellery
 n - a +3 ring of intelligence (left hand)
 o - a +3 ring of strength (right hand)
Scrolls
 l - 5 scrolls of amnesia
 m - a scroll of summoning
Potions
 d - 2 potions of might
 e - 7 potions of curing
 f - 8 potions of heal wounds
 g - a potion of haste
 h - 3 potions of magic
 i - 5 potions of berserk rage
 k - 2 potions of invisibility
 p - a potion of brilliance
 q - a potion of mutation


   Skills:
 + Level 11.3 Fighting
 + Level 13.7 Maces & Flails
 + Level 10.2 Armour
 + Level 3.9 Dodging
 + Level 10.7 Shields
 * Level 9.5 Invocations


You had 8 spell levels left.
You didn't know any spells.
Your spell library was empty.

Dungeon Overview and Level Annotations

Branches:
Dungeon (1/1)

Altars:
Ashenzari
Cheibriados
Dithmenos
Elyvilon
Fedhas
Gozag
Hepliaklqana
Kikubaaqudgha
Makhleb
Nemelex Xobeh
Okawaru
Qazlal
Ru
Sif Muna
Trog
Uskayaw
Vehumet
Wu Jian
Xom
Yredelemnul
Zin
The Shining One
Jiyva
Lugonu


Innate Abilities, Weirdness & Mutations

You have a pair of horns on your head.
You reflexively headbutt those who attack you in melee.


Message History

Magic courses through your body. The ogre closely misses you.
You furiously retaliate!
You headbutt the ogre! You block the boulder beetle's attack.
The orc sorcerer hits you but does no damage.
The orc sorcerer casts a spell at you. The bolt of fire hits you!
The orange demon barely misses you.
The orc priest mumbles some strange prayers to Beogh against you.
Beogh smites you!
* * * LOW HITPOINT WARNING * * *
Unknown command.
Blink to where?
Press: ? - help, Dir - move target
As you read the scroll of blinking, it crumbles to dust.
The orc sorcerer casts a spell.
Unknown command.
Okay, then.
You aren't carrying any items that you can evoke.
Unknown command.
You feel much better.
Unknown command.
Unknown command.
Unknown command.
Okay, then.
Activating: Elemental Force (1% risk of failure)
Press: ? - help, Dir - look around, f - activate Clouds arounds you coalesce and take form!
The smoke demon gestures at you. Something smites you!
The boulder beetle curls into a ball and begins rolling!
The orc sorcerer mumbles some strange words.
Unknown command.
The rust devil screeches!
Your earth elemental hits the orc sorcerer!!
Unknown command.
You hit the boulder beetle but do no damage.
You headbutt the boulder beetle.
The boulder beetle is moderately wounded.
The boulder beetle is engulfed in blazing flames.
The boulder beetle hits you!!!
You die...

.....#..#......#
...............+
...............+
.....#..#......#
...............#
##'#####''######
......##''#########
......##......○...#
......##.......E@.+
..<...##..#####§BE#
......##..)...#4O.§.
......##..#...#.5..o..
......##..#...#.#####o.#
########..#####o'5o.# .#
########......3o#.o.o..#
.#...)##......E4# ..#o.
.#..[[###'###..3# .#


You could see a boulder beetle (rolling, ally target), a rust devil (summoned),
a smoke demon (summoned), 2 orc sorcerers, a red devil (summoned), an ogre, an
orc priest, an orc wizard, a quasit (ally target) and 3 friendly earth
elementals.

Vanquished Creatures
  An elephant (D)
  A cane toad (D)
  An orange demon (D)
  A snapping turtle (D)
  A flying skull (D)
  A spriggan (D)
  A basilisk (D)
  A redback (D)
  Menkaure (D)
  A water moccasin (D)
  A warg (D)
  A floating eye (D)
  A sky beast (D)
  A kobold brigand (D)
  A hound (D)
  A mummy (D)
  A gnoll (D)
  A river rat (D)
  An adder (D)
  A white imp (D)
  A worm (D)
  An orc (D)
  2 bats (D)
  A bat skeleton (D)
  An endoplasm (D)
  2 hobgoblins (D)
  A quokka (D)
  2 ball pythons (D)
  2 ball python skeletons (D)
  2 ball python zombies (D)
  A kobold (D)
36 creatures vanquished.

Notes
Turn   | Place    | Note
-------+----------+-------------------------------------------
     0 | D        | mhtbhm the Minotaur Fighter began the quest for the Orb.
     0 | D        | Reached XP level 1. HP: 19/19 MP: 0/0
    20 | D        | Found a bloodstained altar of Trog.
    20 | D        | Found a shimmering blue altar of Sif Muna.
    20 | D        | Found a viscous altar of Jiyva.
    20 | D        | Found a hazy altar of Hepliaklqana.
    20 | D        | Found an opulent altar of Gozag.
    21 | D        | Found a glowing golden altar of the Shining One.
    21 | D        | Found a glowing silver altar of Zin.
    21 | D        | Found a basalt altar of Yredelemnul.
    21 | D        | Found a shimmering altar of Xom.
    21 | D        | Found an ornate altar of the Wu Jian Council.
    21 | D        | Found a sacrificial altar of Ru.
    21 | D        | Found a stormy altar of Qazlal.
    21 | D        | Found an iron altar of Okawaru.
    21 | D        | Found a sparkling altar of Nemelex Xobeh.
    21 | D        | Found a burning altar of Makhleb.
    21 | D        | Found a blossoming altar of Fedhas.
    21 | D        | Found a white marble altar of Elyvilon.
    21 | D        | Found a shadowy altar of Dithmenos.
    21 | D        | Found a snail-covered altar of Cheibriados.
    23 | D        | Found a radiant altar of Vehumet.
    23 | D        | Found a corrupted altar of Lugonu.
    24 | D        | Found a hide-covered altar of Uskayaw.
    24 | D        | Found an ancient bone altar of Kikubaaqudgha.
    24 | D        | Found a broken altar of Ashenzari.
    30 | D        | Became a worshipper of Qazlal Stormbringer
   170 | D        | Reached * piety under Qazlal
   171 | D        | Reached skill level 3 in Maces & Flails
   171 | D        | Reached skill level 1 in Invocations
   171 | D        | Reached XP level 2. HP: 28/28 MP: 0/2
   207 | D        | Reached ** piety under Qazlal
   216 | D        | Reached skill level 5 in Fighting
   216 | D        | Reached skill level 4 in Maces & Flails
   216 | D        | Reached skill level 5 in Armour
   216 | D        | Reached skill level 5 in Shields
   216 | D        | Reached XP level 3. HP: 36/36 MP: 2/4
   284 | D        | Noticed a warg
   284 | D        | Noticed a sky beast
   295 | D        | Killed a warg
   295 | D        | Reached *** piety under Qazlal
   296 | D        | Reached skill level 6 in Maces & Flails
   296 | D        | Reached skill level 1 in Dodging
   296 | D        | Reached XP level 4. HP: 43/45 MP: 4/6
   296 | D        | Reached XP level 5. HP: 49/51 MP: 4/7
   302 | D        | Killed a sky beast
   303 | D        | Reached skill level 7 in Maces & Flails
   303 | D        | Reached skill level 5 in Invocations
   303 | D        | Noticed a floating eye
   308 | D        | Killed a floating eye
   309 | D        | Reached skill level 8 in Maces & Flails
   309 | D        | Reached XP level 6. HP: 42/61 MP: 5/9
   326 | D        | Noticed Menkaure
   335 | D        | Killed Menkaure
   335 | D        | Reached **** piety under Qazlal
   603 | D        | Noticed a redback
   608 | D        | Killed a redback
   609 | D        | Reached skill level 9 in Maces & Flails
   609 | D        | Reached XP level 7. HP: 69/69 MP: 9/11
   635 | D        | Reached skill level 10 in Maces & Flails
   637 | D        | Reached ***** piety under Qazlal
   743 | D        | Noticed a spriggan
   759 | D        | Killed a spriggan
   933 | D        | Noticed an orange demon
   940 | D        | Killed an orange demon
   941 | D        | Reached skill level 10 in Fighting
   941 | D        | Reached skill level 11 in Maces & Flails
   941 | D        | Reached XP level 8. HP: 66/79 MP: 11/13
  1025 | D        | Noticed a flying skull
  1025 | D        | Noticed an elephant
  1033 | D        | Killed a flying skull
  1035 | D        | Killed an elephant
  1035 | D        | Reached ****** piety under Qazlal
  1036 | D        | Reached skill level 12 in Maces & Flails
  1036 | D        | Reached skill level 10 in Shields
  1144 | D        | Reached skill level 13 in Maces & Flails
  1144 | D        | Reached skill level 10 in Armour
  1169 | D        | Noticed a snapping turtle
  1169 | D        | Noticed a cane toad
  1175 | D        | Killed a cane toad
  1176 | D        | Reached XP level 9. HP: 63/89 MP: 13/15
  1341 | D        | Noticed a boulder beetle
  1343 | D        | Noticed an orc sorcerer
  1344 | D        | Noticed an orange demon
  1345 | D        | Noticed an orc sorcerer
  1346 | D        | Noticed a smoke demon
  1346 | D        | Noticed an orc high priest
  1348 | D        | Noticed an ice devil
  1353 | D        | Noticed a red devil
  1353 | D        | Noticed a rust devil
  1354 | D        | Slain by a boulder beetle

Illustrated notes

Levels and vault maps discovered:
D:        pitsprint [storerooms_1, entrance_room_1, metal_vault_8, armoury_1,
          mini_pit_1, grid_room_1, main_hall_1, silver_pit, the_coven_1,
          the_vestibule_1, steel_vault_2, golden_pit, hallway_of_sentries,
          crystal_vault_1, iron_vault_4, final_vault]

Skill      XL: |  1  2  3  4  5  6  7  8 |
---------------+-------------------------+-----
Fighting       | 4 5 6 8 10 11 | 11.3
Armour         | 4 5 6 7 8 9 10 | 10.2
Shields        | 4 5 6 7 8 9 10 | 10.7
Maces & Flails | 3 4 6 8 9 11 13 | 13.7
Invocations    | 1 2 4 5 6 8 9 |  9.5
Dodging        | 1 2 3 |  3.9

Action                   |  1- 3 |  4- 6 |  7- 9 || total
-------------------------+-------+-------+-------++-------
Melee: Mace              |    17 |       |       ||    17
       Headbutt          |     5 |     5 |    17 ||    27
       Flail             |     6 |    24 |    25 ||    55
       Morningstar       |       |       |    30 ||    30
Invok: Elemental Force   |       |       |     2 ||     2
       Disaster Area     |       |       |     1 ||     1
  Use: Potion            |       |     1 |     2 ||     3
       Scroll            |       |       |     1 ||     1
Armor: Scale mail        |    13 |       |       ||    13
       Plate armour      |     2 |     9 |     3 ||    14
       Chain mail        |       |       |    22 ||    22
Dodge: Dodged            |    13 |     1 |    23 ||    37
Block: Buckler           |     8 |     7 |    37 ||    52

Table legend: (Time is in decaauts)
 A = Elapsed time spent in this place.
 B = Non-inter-level travel time spent in this place.
 C = Inter-level travel time spent in this place.
 D = Time resting spent in this place.
 E = Time spent auto-exploring this place.
 F = Levels seen in this place.
 G = Mean time per level.
                   A        B        C        D        E       F      G
               +--------+--------+--------+--------+--------+-----+--------+
         Total |   1356 |   1356 |      0 |    861 |     36 |   1 | 1356.0 |
       Dungeon |   1356 |   1356 |      0 |    861 |     36 |   1 | 1356.0 |
               +--------+--------+--------+--------+--------+-----+--------+

Top non-repeatable levels by time:
       D: 1356 daAuts
